 Dungeon Crawl Stone Soup version 0.17.1-3-g152610e (webtiles) character file.

1045 Jerry the Ducker (level 8, -14/54 HPs)
             Began as an Octopode Monk on Mar 13, 2016.
             Demolished by an orc warrior
             ... wielding a +0 battleaxe of distortion
              (26 damage)
             ... on level 6 of the Dungeon.
             The game lasted 00:27:23 (5718 turns).

Jerry the Ducker (Octopode Monk)                    Turns: 5718, Time: 00:27:26

Health: -14/54     AC:  1    Str: 10    XL:     8   Next: 25%
Magic:  8/8        EV: 17    Int: 12    God:
Gold:   319        SH:  0    Dex: 17    Spells: 0 memorised, 7 levels left

rFire  . . .     SeeInvis .       - Unarmed
rCold  . . .     Clarity  .     (no shield)
rNeg   . . .     SustAt   .     (helmet restricted)
rPois  .         Gourm    .     q - amulet of regeneration
rElec  .         Spirit   .     (no ring)
rCorr  .         Warding  .     (no ring)
rMut   .         Stasis   .     (no ring)
MR     .....                    (no ring)
Stlth  ++++......               (no ring)
                                (no ring)
                                (no ring)
                                (no ring)

@: not resistant to hostile enchantments, stealthy
A: almost no armour, amphibious, 8 rings, constrict 8, camouflage 1, gelatinous
body 1
a: no special abilities


You were on level 6 of the Dungeon.
You were not hungry.

You visited 1 branch of the dungeon, and saw 6 of its levels.

You collected 319 gold pieces.

Inventory:

Hand Weapons
 v - a +0 hunting sling of flaming
Missiles
 h - 203 stones (quivered)
Jewellery
 q - an amulet of regeneration (around mantle)
Wands
 o - a wand of digging (13)
 t - a wand of flame (20)
 x - a wand of slowing (20)
Scrolls
 b - 2 scrolls of blinking {unknown}
 c - 2 scrolls of amnesia {unknown}
 d - 2 scrolls of enchant armour {unknown}
 j - a scroll of holy word {unknown}
 k - 3 scrolls of identify
 l - a scroll of fog {unknown}
 r - 2 scrolls of remove curse {unknown}
 s - a scroll of random uselessness {unknown}
 w - a scroll of immolation {unknown}
 y - a scroll of recharging {unknown}
Potions
 e - 2 potions of heal wounds
 f - a potion of haste
 g - a potion of cure mutation
 i - 2 potions of curing
 m - a potion of lignification {unknown}
 p - a potion of berserk rage {unknown}
Comestibles
 a - 2 bread rations
 n - 2 meat rations
 u - a beef jerky
 A - a slice of pizza


   Skills:
 - Level 4.0 Fighting
 + Level 7.2 Dodging
 - Level 4.1 Stealth
 + Level 6.9 Unarmed Combat


You had 7 spell levels left.
You didn't know any spells.

Dungeon Overview and Level Annotations

Branches:
Dungeon (6/15)
 Temple: D:4-7

Altars:
Elyvilon
Qazlal
Ru
Trog
Vehumet

Shops:
D:5 (

Annotations:
D:3 Sigmund


Innate Abilities, Weirdness & Mutations

You cannot wear most types of armour.
You are amphibious.
You can wear up to eight rings at the same time.
You can use your tentacles to constrict eight enemies at once.
Your skin changes colour to match your surroundings (Stealth).
Your rubbery body absorbs attacks (AC +1).


Message History

The orc warrior shouts!
You tentacle-slap the orc warrior but do no damage.
You constrict the orc warrior, but do no damage.
The orc warrior hits you with a battleaxe of distortion!
Space bends around you.
An orc comes into view. It is wielding a flail.
The orc shouts!
You tentacle-slap the orc warrior but do no damage.
You constrict the orc warrior, but do no damage.
The orc warrior misses you.
A giant gecko comes into view.
You tentacle-slap the orc warrior but do no damage.
You constrict the orc warrior, but do no damage.
You tentacle-slap the orc warrior.
The orc warrior is lightly wounded.
You constrict the orc warrior.
The orc warrior hits you with a battleaxe of distortion!
* * * LOW HITPOINT WARNING * * *
Space warps horribly around you!
You die...

#.# #.### ....# #
#.#.# #.#.#.#
#.#.#.# #..<#.#
####...#.########.
+.........@oJooool
####...#########..
##.## #. #. #. #.


You could see 2 orc warriors, a jelly, an orc priest, 2 orcs and a giant gecko.

Vanquished Creatures
  Eustachio (D:4)
  The ghost of Jerry the Ducker, an amateur OpMo (D:4)
  An ogre (D:5)
  A centaur (D:5)
  A big kobold (D:5)
  An orc priest (D:4)
  Crazy Yiuf (D:4)
  A giant frog skeleton (D:4)
  A hound (D:5)
  Jessica (D:3)
  An iguana (D:5)
  An orc wizard (D:4)
  4 worker ants
  A hound zombie (D:5)
  A shadow imp (D:5)
  9 adders
  An ooze (D:2)
  4 worms
  5 giant geckos
  27 orcs
  2 ball pythons (D:4)
  10 giant cockroaches
  11 goblins
  7 hobgoblins
  5 jackals
  7 bats
  2 giant gecko skeletons
  6 giant newts
  28 kobolds
  2 quokkas
  9 rats
153 creatures vanquished.

Vanquished Creatures (others)
  A kobold (D:5)
  A fungus (D:4)
2 creatures vanquished.

Grand Total: 155 creatures vanquished

Notes
Turn   | Place    | Note
--------------------------------------------------------------
     0 | D:1      | Jerry the Octopode Monk began the quest for the Orb.
     0 | D:1      | Reached XP level 1. HP: 16/16 MP: 1/1
   305 | D:1      | Reached XP level 2. HP: 17/21 MP: 2/2
   977 | D:2      | Noticed a moth of wrath
   979 | D:2      | Found a bloodstained altar of Trog.
   993 | D:2      | Reached XP level 3. HP: 26/26 MP: 3/3
  1109 | D:2      | Found a stormy altar of Qazlal.
  1710 | D:2      | Reached XP level 4. HP: 31/31 MP: 4/4
  1745 | D:2      | Found a white marble altar of Elyvilon.
  2209 | D:3      | Noticed Sigmund
  2458 | D:3      | Reached XP level 5. HP: 33/37 MP: 5/5
  2579 | D:3      | Found a radiant altar of Vehumet.
  2748 | D:3      | Noticed Jessica
  2751 | D:3      | Killed Jessica
  2922 | D:4      | Noticed Eustachio
  3263 | D:4      | Noticed Jerry's ghost (amateur OpMo)
  3319 | D:4      | Killed Eustachio
  3319 | D:4      | Reached skill level 5 in Dodging
  3319 | D:4      | Reached XP level 6. HP: 30/43 MP: 6/6
  3574 | D:4      | Reached skill level 5 in Unarmed Combat
  3685 | D:4      | Reached XP level 7. HP: 30/48 MP: 7/7
  3838 | D:4      | Killed Jerry's ghost
  3838 | D:4      | Reached skill level 6 in Dodging
  3984 | D:4      | Found a sacrificial altar of Ru.
  4252 | D:4      | Noticed Crazy Yiuf
  4260 | D:4      | Killed Crazy Yiuf
  4596 | D:5      | Entered Level 5 of the Dungeon
  4615 | D:5      | Found Zatofeuj's Weapon Shoppe.
  4921 | D:5      | Reached XP level 8. HP: 45/54 MP: 8/8
  5093 | D:5      | Reached skill level 7 in Dodging
  5718 | D:6      | Demolished by an orc warrior

Action                   |  1- 3 |  4- 6 |  7- 9 || total
-------------------------+-------+-------+-------++-------
Melee: Unarmed           |    73 |    65 |   126 ||   264
 Fire: Hunting sling     |       |   107 |    21 ||   128
Evoke: Wand              |       |     2 |       ||     2
  Use: Scroll            |     1 |       |     4 ||     5
       Potion            |       |     3 |       ||     3
 Stab: Sleeping          |    13 |     2 |    10 ||    25
       Distracted        |     1 |       |       ||     1
  Eat: Chunk             |     2 |     7 |     7 ||    16
